 Dungeon Crawl Stone Soup version 0.30-a0-457-g4b7bca3bfa (webtiles) character file.

Game seed: 14558017525236227471

108178 AigisTheKnight the Destroyer (level 16, -8/101 HPs)
             Began as a Gargoyle Earth Elementalist on Dec 12, 2022.
             Was the Champion of the Shining One.
             Mangled by Mlioglotl (21 damage)
             ... on level 4 of the Swamp.
             The game lasted 01:14:22 (26108 turns).

AigisTheKnight the Destroyer (GrEE)                Turns: 26108, Time: 01:14:23

Health: -8/101     AC: 35    Str: 18    XL:     16   Next: 48%
Magic:  24/39      EV: 11    Int: 21    God:    the Shining One [******]
Gold:   1615       SH:  0    Dex: 10    Spells: 18/36 levels left

rFire   . . .      SeeInvis .    I - +2 morningstar (vorpal)
rCold   . . .      Faith    .    R - +0 kite shield
rNeg    + + +      Spirit   .    G - +3 ring mail
rPois   ∞          Reflect  .    r - +2 helmet
rElec   +          Harm     .    (no cloak)
rCorr   .          Rampage  .    v - +2 pair of gloves {Str+3}
Will    +....                    H - +2 pair of boots
Stlth   ..........               c - amulet of magic regeneration
HPRegen 0.36/turn                E - ring of magical power
MPRegen 0.66/turn                S - +4 ring of protection

@: confused, about to teleport, ambrosia-drunk, spiked, flying, glowing, unable
to read
A: sickness immunity, AC +12, big wings, negative energy resistance 1,
electricity resistance, torment resistance 1, petrification resistance,
inability to read after injury 1
a: Renounce Religion, Divine Shield, Cleansing Flame, Summon Divine Warrior,
Brand Weapon With Holy Wrath


You were on level 4 of the Swamp.
You worshipped the Shining One.
The Shining One was exalted by your worship.
You visited 5 branches of the dungeon, and saw 26 of its levels.
You also visited: Volcano.

You collected 2731 gold pieces.
You spent 1116 gold pieces at shops.

Inventory:

Hand Weapons
 I - a +2 vorpal morningstar (weapon)
Armour
 d - a +3 chain mail of cold resistance
 r - a +2 helmet (worn)
 v - a +2 pair of gloves of strength (worn)
 w - a +2 robe of the Archmagi
 G - a +3 ring mail (worn)
 H - a +2 pair of boots (worn)
 J - +0 steam dragon scales
 R - a +0 kite shield (worn)
 Z - a +1 leather armour of fire resistance
Magical Staves
 j - a staff of earth
Jewellery
 c - an amulet of magic regeneration (around neck)
 D - the ring of Keisaaj {rPois rN+}
   (You found it on level 5 of the Lair of Beasts)

   [ring of positive energy]

   rPois:     It protects you from poison.
   rN:        It protects you from negative energy.
 E - a ring of magical power (left hand)
 S - a +4 ring of protection (right hand)
 Y - a +4 ring of slaying
Wands
 y - a wand of polymorph (5)
 M - a wand of flame (57)
 N - a wand of charming (8)
 O - a wand of roots (36)
 T - a wand of mindburst (15)
Scrolls
 a - 2 scrolls of torment {unknown}
 e - 14 scrolls of teleportation
 f - 5 scrolls of poison {unknown}
 h - 6 scrolls of noise {unknown}
 i - 5 scrolls of enchant armour
 l - a scroll of blinking {unknown}
 o - a scroll of identify
 p - a scroll of butterflies {unknown}
 q - 7 scrolls of amnesia {unknown}
 x - 2 scrolls of enchant weapon {unknown}
 B - 3 scrolls of brand weapon {unknown}
 F - 5 scrolls of magic mapping {unknown}
 L - 3 scrolls of immolation
 Q - 3 scrolls of fear {unknown}
 W - 3 scrolls of vulnerability {unknown}
 X - a scroll of fog {unknown}
Potions
 b - 6 potions of magic
 g - 8 potions of brilliance
 k - 3 potions of attraction
 m - 11 potions of curing
 s - 4 potions of might
 t - 5 potions of lignification
 u - 3 potions of ambrosia
 z - a potion of berserk rage
 A - 2 potions of mutation
 C - 6 potions of haste
 K - 2 potions of cancellation
 P - 2 potions of resistance
 U - a potion of heal wounds
Miscellaneous
 n - a phial of floods (inert)


   Skills:
 - Level 12.2 Fighting
 - Level 6.3 Armour
 - Level 5.1 Dodging
 - Level 2.3 Stealth
 + Level 13.4 Shields
 - Level 10.5 Spellcasting
 + Level 14.9 Conjurations
 + Level 10.3 Summonings
 - Level 1.0 Transmutations
 - Level 12.3 Earth Magic


You had 18 spell levels left.
You knew the following spells:

 Your Spells              Type           Power      Damage    Failure   Level
a - Sandblast             Erth           100%       2d20      1%          1
b - Stone Arrow           Conj/Erth      100%       3d13      1%          3
c - Passwall              Tmut/Erth      32%        N/A       1%          2
d - Mephitic Cloud        Conj/Pois/Air  32%        N/A       8%          3
e - Iskenderun's Battles  Conj           65%        2d11      1%          5
f - Magic Dart            Conj           100%       1d8       1%          1
g - Summon Guardian Gole  Hex/Summ       32%        N/A       7%          3

Your spell library contained the following spells:

 Spells                   Type           Power      Damage    Failure   Level
 Searing Ray              Conj           100%       2d8       1%          2
 Static Discharge         Conj/Air       84%        2-6/arc   1%          2
 Dazzling Flash           Conj/Hex       84%        N/A       2%          3
 Hailstorm                Conj/Ice       42%        3d10      2%          3
 Lee's Rapid Deconstruct  Erth           29%        3d15*     3%          5
 Fulminant Prism          Conj/Hex       21%        3d12      9%          4
 Iskenderun's Mystic Bla  Conj/Tloc      42%        2d10      9%          4
 Iron Shot                Conj/Erth      31%        9d6       11%         6
 Petrify                  Tmut/Erth      39%        N/A       13%         4
 Freeze                   Ice            44%        1d6       21%         1
 Slow                     Hex            44%        N/A       21%         1
 Irradiate                Conj/Tmut      22%        3d19      21%         5
 Summon Ice Beast         Ice/Summ       32%        N/A       24%         4
 Summon Lightning Spire   Summ/Air       32%        N/A       24%         4
 Arcjolt                  Conj/Air       21%        1d31      26%         5
 Lightning Bolt           Conj/Air       21%        1d36      26%         5
 Poisonous Vapours        Pois/Air       22%        N/A       30%         2
 Borgnjor's Vile Clutch   Necr/Erth      18%        N/A       41%         5
 Confusing Touch          Hex            11%        N/A       52%         3
 Frozen Ramparts          Ice            22%        1d4       52%         3
 Inner Flame              Hex/Fire       11%        N/A       52%         3
 Tukima's Dance           Hex            11%        N/A       52%         3
 Vampiric Draining        Necr           11%        2d6       52%         3
 Vhi's Electric Charge    Tloc/Air       22%        N/A       52%         3
 Summon Forest            Summ/Tloc      16%        N/A       54%         5
 Spellforged Servitor     Conj/Summ      29%        N/A       67%         7
 Starburst                Conj/Fire      21%        6d7       80%         6
 Ice Form                 Ice/Tmut       13%        N/A       85%         4
 Airstrike                Air            5%         2d(1-17)  89%         4
 Animate Dead             Necr           11%        N/A       89%         4
 Passage of Golubria      Tloc           11%        N/A       89%         4
 Yara's Violent Unravell  Hex/Tmut       6%         3d5       99%         5
 Borgnjor's Revivificati  Necr           5%         N/A       100%        8
 Maxwell's Capacitive Co  Air            5%         ∞         100%        8
 Cigotuvi's Dreadful Rot  Necr/Pois/Air  Unusable   N/A       N/A         2
 Sublimation of Blood     Necr           Unusable   N/A       N/A         2

Dungeon Overview and Level Annotations

Branches:
Dungeon (14/15) Temple (1/1) D:4 Lair (5/5) D:10 Swamp (4/4) Lair:3 Snake (0/4) Lair:2 Slime (0/5) Lair:4 Orc (2/2) D:12 Elf (0/3) Orc:2 Vaults (0/5) D:12 D:13 Volcano (visited)

Altars:
Ashenzari
Cheibriados
Dithmenos
Elyvilon
Fedhas
Gozag
Hepliaklqana
Kikubaaqudgha
Makhleb
Nemelex Xobeh
Okawaru
Qazlal
Ru
Sif Muna
Trog
Uskayaw
Vehumet
Wu Jian
Xom
Yredelemnul
Zin
The Shining One

Shops:
D:1 =   D:3 =   D:8 :   D:9 (![[   D:10 ?   Orc:1 [   Orc:2 [([:

Annotations:
D:10 1 runed translucent door, AigisTheKnight's ghost, journeyman DrFE
D:11 1 runed translucent door, cforsyth's ghost, journeyman MiBe
Swamp:4 Mlioglotl


Innate Abilities, Weirdness & Mutations

You are immune to sickness and miasma.
Your stone body is resilient. (AC +12)
You are immune to poison.
Your large and strong wings let you fly.
You resist negative energy. (rN+)
You are resistant to electric shocks. (rElec)
You are resistant to unholy torment.
You are immune to petrification.
You occasionally lose the ability to read scrolls when taking damage.


Message History

The ynoxinul gestures at you. The iron shot hits you.
Tentacles burst from the starspawn's body!
Your guardian golem overheats! 2 starspawn tentacles come into view.
You are confused.
You feel invigorated. Mlioglotl hits you but does no damage.
Mlioglotl barely misses you.
The swamp drake bites you but does no damage.
The ynoxinul hits you but does no damage.
The red devil hits you from afar with a +0 trident of venom.
Barbed spikes become lodged in your body.
The starspawn tentacle grabs your guardian golem.
The starspawn tentacle constricts your guardian golem.
Flame seeps out of your guardian golem. Mlioglotl hits you but does no damage.
Mlioglotl tramples you!
You feel threatened and lose the ability to read scrolls!
* * * LOW HITPOINT WARNING * * *
You hold your ground!
The barbs in your skin will harm you if you move.
Continue?
Okay, then.
The swamp drake barely misses you. Mlioglotl hits you but does no damage.
Mlioglotl tramples you!!
* * * LOW HITPOINT WARNING * * *
You hold your ground!
The red devil closely misses you.
Your guardian golem is engulfed in blazing flames.
Flame seeps out of your guardian golem.
The starspawn tentacle loses its grip on your guardian golem.
The tentacle pulls your guardian golem backwards!
The starspawn tentacle grabs your guardian golem.
The starspawn tentacle constricts your guardian golem.
The ynoxinul hits you but does no damage.
Unknown command.
The red devil is no longer waterlogged.
The swamp worm fires a harpoon shot at you.
The harpoon shot misses you.
The harpoon shot hits the swamp drake.
The spriggan druid casts a spell.
The forest starts to sway and rumble!
Mlioglotl hits you but does no damage. Mlioglotl tramples you!!
You die...

~~~~~.~~~§~~~.§♣♣♣♣ ♣~~~
~~§~~~~~~.~~~♣♣.#.♣♣♣♣...~
~~~~~~...~~.~♣.~~~.§♣~.~~~
~~~~§.~~.~...♣~~~#.....§~~
~†~~~~♣ ♣~.~§.§~w..w~9~§~.
~~..~♣♣♣♣♣.~~~....♣3°ww~~.
†....♣....~♣..♣~..45X─~~♣
~.~~...~......#..X†i♣♣♣♣♣
♣.~~..~~~~~~~.♣~@35.♣ ♣♣♣♣
♣..~~.~~~§~~~~♣♣k.~~♣ ~...~♣♣
..~~~.~~~~.♣♣♣...§~.~♣ ♣.~~~~~~♣♣
..~~..~~~~<♣ ..~~~.♣♣ ~~~~~~.~~~
♣..~.~§~~~~...♣.~~...♣ .~~~~~~~~~
♣♣...~~~~~~~~~..~.~.~~..~~~~~~~$~
♣~§.§~~~~~~~~......~~~~~~~~§~~.~
~~ ~~.~....~~~~.~~~~.~~
~~..~~~~~~


You could see Mlioglotl (strong), a tentacled starspawn (summoned), a spriggan
druid, a smoke demon (summoned), 2 swamp worms, a ynoxinul (summoned,
unsilenced, waterlogged), a red devil (summoned), a swamp drake (distracted), 2
starspawn tentacles, 2 ufetubi and a friendly guardian golem (summoned, inner
flame).

Vanquished Creatures
  A tentacled monstrosity (Swamp:4)
  A thorn hunter (Swamp:1)
  Gastronok (Lair:2)
  A fenstrider witch (Lair:3)
  Aizul (Swamp:4)
  A stone giant (Volcano)
  Nessos (D:13)
  5 eleionomae
  5 bunyips
  An ettin (Orc:1)
  13 hydras
  Fannar (D:12)
  4 catoblepae
  4 boulder beetles
  3 two-headed ogres
  4 alligators
  2 centaur warriors (D:13)
  12 death yaks
  5 orc high priests (Orc:2)
  Urug (D:13)
  6 goliath frogs
  4 bog bodies
  4 swamp dragons
  A lindwurm (Lair:5)
  Pikel (D:4)
  7 orc knights (Orc:2)
  4 orc sorcerers
  2 deep elf pyromancers
  4 manticores
  2 cyclopes
  An ugly thing (D:12)
  Maurice (D:13)
  2 black mambas (Lair:5)
  A torpor snail (Lair:1)
  9 cane toads
  A gargoyle (D:12)
  Psyche (D:12)
  An unseen horror (D:12)
  A kobold demonologist (D:10)
  Maggie (D:7)
  4 rime drakes
  4 komodo dragons
  A yaktaur (D:13)
  An efreet (Volcano)
  6 trolls
  11 tyrant leeches
  3 meliai (D:13)
  A bloated husk (Swamp:2)
  2 polar bears (D:10)
  4 slime creatures (D:12)
  6 hornets
  Prince Ribbit (D:9)
  Grinder (D:5)
  10 dream sheep
  15 blink frogs
  6 spriggans
  A shadow (D:10)
  59 yaks
  16 humans
  3 wyverns
  2 fire elementals (Volcano)
  6 basilisks
  Eustachio (D:5)
  3 wraiths
  A steam dragon (Swamp:4)
  5 vampire mosquitoes
  2 wargs (Orc:2)
  2 nagas
  16 swamp worms
  3 acid dragons
  13 water moccasins
  A sky beast (D:7)
  6 swamp drakes
  30 orc warriors
  10 ice beasts
  9 ogres
  9 wolves
  12 centaurs
  A phantom (D:6)
  4 lemures (D:4)
  2 kobold brigands
  Blork the orc (D:4)
  4 scorpions
  12 bullfrogs
  2 necrophages
  2 earth elementals (Volcano)
  7 wights (D:7)
  5 killer bees (D:11)
  A howler monkey (D:8)
  2 electric eels
  3 jellies
  21 orc priests
  4 hounds
  2 gnoll boudas (D:6)
  5 iguanas
  9 orc wizards
  11 adders
  7 gnolls
  A shadow imp (D:6)
  3 white imps
  2 ufetubi
  2 worms (D:2)
  55 orcs
  A bat (D:3)
  3 endoplasms
  4 giant cockroaches
  10 goblins
  5 hobgoblins
  6 jackals
  3 quokkas
  3 ball pythons
  17 kobolds
  5 rats
632 creatures vanquished.

Vanquished Creatures (others)
  2 lindwurms (Swamp:4)
  A steam dragon (Swamp:4)
  20 fungi
  46 plants
69 creatures vanquished.

Grand Total: 701 creatures vanquished

Notes
Turn   | Place    | Note
-------+----------+-------------------------------------------
     0 | D:1      | AigisTheKnight the Gargoyle Earth Elementalist began the
                  | quest for the Orb.
     0 | D:1      | Reached XP level 1. HP: 10/10 MP: 3/3
    44 | D:1      | Found Guhac's Jewellery Shop.
   710 | D:2      | Reached skill level 1 in Transmutations
   710 | D:2      | Reached XP level 2. HP: 15/15 MP: 3/5
   819 | D:2      | Reached XP level 3. HP: 20/20 MP: 6/6
   984 | D:2      | Reached skill level 1 in Fighting
  1452 | D:3      | Noticed a bullfrog
  1459 | D:3      | Killed a bullfrog
  1460 | D:3      | Reached XP level 4. HP: 26/26 MP: 5/8
  1460 | D:3      | Reached XP level 5. HP: 30/30 MP: 5/9
  1553 | D:3      | Found a shadowy altar of Dithmenos.
  1553 | D:3      | Found a glowing silver altar of Zin.
  1638 | D:3      | Found a faded altar of an unknown god.
  1644 | D:3      | Found a blossoming altar of Fedhas.
  1666 | D:3      | Found Fyigale's Jewellery Boutique.
  2230 | D:4      | Found a staircase to the Ecumenical Temple.
  2311 | D:4      | Noticed a lemure
  2311 | D:4      | Noticed a lemure
  2345 | D:4      | Killed a lemure
  2350 | D:4      | Killed a lemure
  2388 | Temple   | Entered the Ecumenical Temple
  2473 | Temple   | Became a worshipper of the Shining One
  2569 | D:4      | Reached skill level 5 in Earth Magic
  2569 | D:4      | Reached XP level 6. HP: 36/36 MP: 7/10
  2593 | D:4      | Noticed Blork the orc
  2600 | D:4      | Killed Blork the orc
  2686 | D:4      | Found a sparkling altar of Nemelex Xobeh.
  2837 | D:4      | Noticed Pikel
  3158 | D:4      | Killed Pikel
  3159 | D:4      | Reached XP level 7. HP: 5/44 MP: 9/13
  3159 | D:4      | Reached XP level 8. HP: 5/48 MP: 9/14
  3163 | D:4      | Learned a level 3 spell: Stone Arrow
  3166 | D:4      | Learned a level 2 spell: Passwall
  3313 | D:5      | Entered Level 5 of the Dungeon
  3320 | D:5      | Noticed Eustachio
  3335 | D:5      | Killed Eustachio
  3364 | D:5      | Noticed Grinder
  3364 | D:5      | Paralysed by Grinder for 5 turns
  3370 | D:5      | Killed Grinder
  3371 | D:5      | Reached skill level 5 in Fighting
  3560 | D:5      | Reached skill level 5 in Spellcasting
  3941 | D:6      | Reached * piety under the Shining One
  4030 | D:6      | Reached XP level 9. HP: 55/55 MP: 17/17
  4166 | D:6      | Got the Tome of Firn and Misery
  4262 | D:6      | Reached skill level 5 in Dodging
  4262 | D:6      | Reached skill level 1 in Conjurations
  4356 | D:6      | Found an iron altar of Okawaru.
  4356 | D:6      | Found a broken altar of Ashenzari.
  4361 | D:6      | Found a radiant altar of Vehumet.
  4375 | D:6      | Found a burning altar of Makhleb.
  4381 | D:6      | Found a white marble altar of Elyvilon.
  4386 | D:6      | Found an opulent altar of Gozag.
  4397 | D:6      | Found a snail-covered altar of Cheibriados.
  4521 | D:6      | Reached skill level 2 in Conjurations
  4866 | D:7      | Reached skill level 1 in Armour
  5047 | D:7      | Reached skill level 3 in Conjurations
  5068 | D:7      | Noticed Maggie
  5075 | D:7      | Killed Maggie
  5099 | D:7      | Reached ** piety under the Shining One
  5202 | D:7      | Reached XP level 10. HP: 47/63 MP: 19/19
  5344 | D:7      | Reached skill level 4 in Conjurations
  5376 | D:7      | Identified the +0 pair of boots "Umoyhiom" {rElec rF+ Str+4
                  | Dex-2}
  5482 | D:8      | Found a stormy altar of Qazlal.
  5571 | D:8      | Found Loaguwn's Book Shop.
  5657 | D:8      | Got Sif Muna's Incunabulum of Igneous Black Liturgies
  5758 | D:8      | Found a bloodstained altar of Trog.
  5959 | D:9      | Found Bibb's Antique Armour Boutique.
  5965 | D:9      | Found Wuillohi's Armour Shoppe.
  5967 | D:9      | Bought an embroidered hat for 196 gold pieces
  6090 | D:9      | Noticed Prince Ribbit
  6098 | D:9      | Killed Prince Ribbit
  6117 | D:9      | Found Hizavev's Weapon Emporium.
  6359 | D:9      | Found Pibukyag's Distillery.
  6364 | D:9      | Bought a potion of curing for 42 gold pieces
  6491 | D:10     | Entered Level 10 of the Dungeon
  6491 | D:10     | Found Tifuf's Magic Scroll Shop.
  6498 | D:10     | Bought a scroll of identify for 24 gold pieces
  6573 | D:10     | Found a runed translucent door.
  6574 | D:10     | Found a shimmering altar of Xom.
  6574 | D:10     | Noticed AigisTheKnight's ghost (journeyman DrFE)
  6575 | D:10     | Noticed a +1 hand axe of chaos
  6585 | D:10     | Noticed a kobold demonologist
  6585 | D:10     | Reached *** piety under the Shining One
  6589 | D:10     | Reached skill level 5 in Conjurations
  6590 | D:10     | Killed a kobold demonologist
  6613 | D:10     | Found an ornate altar of the Wu Jian Council.
  6685 | D:10     | Reached skill level 5 in Armour
  6707 | D:10     | Reached skill level 10 in Earth Magic
  6707 | D:10     | Reached XP level 11. HP: 62/69 MP: 15/22
  6730 | D:10     | Reached skill level 6 in Conjurations
  7037 | D:10     | Found an ancient bone altar of Kikubaaqudgha.
  7201 | D:10     | Found a staircase to the Lair.
  7785 | Lair:1   | Entered Level 1 of the Lair of Beasts
  8122 | Lair:1   | Reached skill level 1 in Shields
  8452 | Lair:1   | Reached skill level 7 in Conjurations
  9221 | Lair:2   | Reached XP level 12. HP: 58/76 MP: 24/24
  9345 | Lair:2   | Noticed Gastronok
  9498 | Lair:2   | Found a staircase to the Snake Pit.
  9884 | Lair:2   | Killed Gastronok
  9885 | Lair:2   | Reached skill level 10 in Fighting
  9885 | Lair:2   | Reached skill level 8 in Conjurations
 10493 | Lair:3   | Reached **** piety under the Shining One
 10635 | Lair:3   | Reached skill level 5 in Shields
 11048 | Lair:3   | Found a staircase to the Swamp.
 11360 | Lair:4   | Noticed an eight-headed hydra
 11365 | Lair:4   | Killed an eight-headed hydra
 11566 | Lair:4   | Reached skill level 9 in Conjurations
 11737 | Lair:4   | Found a staircase to the Slime Pits.
 12267 | Lair:5   | Entered Level 5 of the Lair of Beasts
 12267 | Lair:5   | Noticed a six-headed hydra
 12272 | Lair:5   | Killed a six-headed hydra
 12273 | Lair:5   | Reached XP level 13. HP: 84/84 MP: 24/26
 12287 | Lair:5   | Reached skill level 1 in Summonings
 13344 | Lair:4   | Reached skill level 10 in Spellcasting
 13514 | Lair:4   | Reached skill level 10 in Conjurations
 14451 | Lair:5   | Learned a level 3 spell: Mephitic Cloud
 14671 | Lair:5   | Gained mutation: Your large and strong wings let you fly.
                  | [Gargoyle growth]
 14671 | Lair:5   | Reached XP level 14. HP: 52/92 MP: 27/28
 15350 | Lair:5   | Identified the ring of Keisaaj {rPois rN+}
 15566 | D:9      | Bought 2 potions of curing for 84 gold pieces
 16225 | D:11     | Found a runed translucent door.
 16225 | D:11     | Noticed cforsyth's ghost (journeyman MiBe)
 16283 | D:11     | Found an ornate altar of the Wu Jian Council.
 16694 | D:12     | Reached skill level 5 in Summonings
 16700 | D:12     | Reached skill level 11 in Conjurations
 16843 | D:12     | Found a broken altar of Ashenzari.
 16883 | D:12     | Noticed Psyche
 16887 | D:12     | Killed Psyche
 16967 | D:12     | Noticed Fannar
 16974 | D:12     | Killed Fannar
 17382 | D:12     | Found a staircase to the Orcish Mines.
 17785 | D:13     | Reached ***** piety under the Shining One
 18384 | D:13     | Noticed Maurice
 18390 | D:13     | Killed Maurice
 18403 | D:13     | Noticed Nessos
 18455 | D:13     | Noticed Urug
 18455 | D:13     | Found a gate to the Vaults.
 18476 | D:12     | Reached skill level 12 in Conjurations
 18682 | D:13     | Reached skill level 10 in Shields
 18909 | D:13     | Killed Urug
 19019 | D:13     | Killed Nessos
 19176 | Orc:1    | Entered Level 1 of the Orcish Mines
 19190 | Orc:1    | Found Neix Tel's Armour Shop.
 19395 | Orc:1    | Reached XP level 15. HP: 11/96 MP: 16/29
 19806 | Orc:1    | Learned a level 5 spell: Iskenderun's Battlesphere
 19808 | Orc:1    | Learned a level 1 spell: Magic Dart
 19811 | Orc:2    | Entered Level 2 of the Orcish Mines
 19828 | Orc:2    | Found a dark tunnel.
 19837 | Volcano  | Entered a volcano
 20466 | Orc:2    | Found a burning altar of Makhleb.
 20988 | Orc:2    | Reached ****** piety under the Shining One
 21074 | Orc:2    | Reached skill level 13 in Conjurations
 21241 | Orc:2    | Gained mutation: You occasionally lose the ability to read
                  | scrolls when taking damage. [a neqoxec]
 21306 | Orc:2    | Found Watheep's Armour Shop.
 21309 | Orc:2    | Found Afagh's Armour Shop.
 21310 | Orc:2    | Found Pawkah's Book Shop.
 21311 | Orc:2    | Found Yfoesh's Antique Weapon Boutique.
 21314 | Orc:2    | Bought the Dissertation on Terra Firma and Mustering for
                  | 320 gold pieces
 21318 | Orc:2    | Learned a level 3 spell: Summon Guardian Golem
 21378 | Orc:2    | Found a staircase to the Elven Halls.
 21916 | D:8      | Bought Great Wizards, Vol. VII for 360 gold pieces
 22055 | D:10     | Bought a scroll of enchant armour for 90 gold pieces
 22184 | Swamp:1  | Entered Level 1 of the Swamp
 22184 | Swamp:1  | Noticed a fenstrider witch
 22186 | Swamp:1  | Paralysed by a fenstrider witch for 2 turns
 22427 | Lair:3   | Killed a fenstrider witch
 23141 | Swamp:1  | Noticed a thorn hunter
 23163 | Swamp:1  | Killed a thorn hunter
 23822 | Swamp:2  | Reached skill level 14 in Conjurations
 24600 | Swamp:3  | Reached XP level 16. HP: 92/101 MP: 21/30
 25108 | Swamp:3  | Identified the +1 robe "Vill" {*Corrode +Blink Dex+4}
 25672 | Swamp:4  | Entered Level 4 of the Swamp
 25686 | Swamp:4  | Reached skill level 10 in Summonings
 25825 | Swamp:4  | Noticed a tentacled monstrosity
 25835 | Swamp:4  | Killed a tentacled monstrosity
 26091 | Swamp:4  | Noticed Aizul
 26092 | Swamp:4  | Noticed Mlioglotl
 26104 | Swamp:4  | Noticed a tentacled starspawn
 26104 | Swamp:4  | Killed Aizul
 26108 | Swamp:4  | Mangled by Mlioglotl

Illustrated notes

Levels and vault maps discovered:
D:1:      lemuel_arrival_lava_pool, layout_loops_ring, serial_shops, shop
D:2:      layout_loops_ring, kennysheep_crisscross, minmay_small_reverse_x
D:3:      layout_basic, nicolae_overflow_ecumenical_swirl,
          nicolae_overflow_two_pavilions, serial_shops,
          nicolae_shop_temple_entry_statues_fountains
D:4:      layout_loops_ring, mainiacjoe_overflow_brackets,
          minmay_temple_entry_poolview, kennysheep_pointless_box, uniq_pikel,
          uniq_blork_the_orc
D:5:      layout_cave_pools, hex_medium, minmay_misc_feat_secret_circle,
          uniq_eustachio, uniq_grinder
D:6:      layout_basic, grunt_temple_overflow_octagram, minmay_liquid_box,
          grunt_tough_drop
D:7:      layout_rooms, uniq_maggie
D:8:      layout_rooms, trog_book, nicolae_overflow_hidden_temple, serial_shops,
          shop, minmay_misc_feat_hallway
D:9:      layout_cave_pools, serial_shops, nicolae_square_shop,
          nicolae_take_the_stairs, nicolae_stop_n_shop_1,
          nicolae_shop_competitors_out_of_business, uniq_prince_ribbit1
D:10:     layout_small_grid, mainiacjoe_overflow_24_doors, lemuel_tele_altar,
          hellmonk_lair_entry_icy, ebering_ghost_xom, serial_shops, shop,
          hive_lemuel
D:11:     layout_gridville, ebering_ghost_inner_flame,
          nicolae_wu_jian_wuxing_cycle
D:12:     layout_basic, orc_0_dummy, serial_glass, glass_columns_c,
          glass_columns_b, ashenzari_altar_1, uniq_fannar, uniq_psyche
D:13:     layout_rooms, david_vaults_3, uniq_maurice, uniq_nessos
D:14:     layout_basic
Temple:   nicolae_temple_little_seven
Lair:1:   layout_gridlike
Lair:2:   layout_misc_corridors, guppyfry_snake_entry_island,
          infiniplex_staircase_pool_2, lemuel_fruit_tree, grunt_megastairs_3,
          uniq_gastronok
Lair:3:   layout_loops_ring, minmay_swamp_entry_swarm
Lair:4:   layout_loops_ring, slime_entry_1, st_stairs_11, serial_bayou_shore_b,
          serial_bayou_shore_b, infiniplex_staircase_pool
Lair:5:   evilmike_catoblepas_cave, layout_small_grid, serial_bayou_shore_b,
          grunt_megastairs_5
Swamp:1:  layout_falls_marsh, nicolae_swamp_little_tower
Swamp:2:  nicolae_swamp_ascending_descending_big, layout_basic_swamp,
          evilmike_swamp_ruin_house_3, swamp_pool3
Swamp:3:  layout_falls_marsh, nicolae_swamp_decorative_isthmus, swamp_pool1,
          nicolae_swamp_big_swirl
Swamp:4:  swamp_fiery, layout_basic_swamp, uniq_aizul, uniq_mlioglotl
Orc:1:    layout_diamond_mine, basic_altar, serial_shops,
          nicolae_shop_hallway_plus
Orc:2:    st_orc_pillars, layout_diamond_mine, basic_altar,
          nicolae_volcano_entry_two_sided

Skill      XL: |  1  2  3  4  5  6  7  8  9 10 11 12 13 14 15 16 |
---------------+-------------------------------------------------+-----
Transmutations | 1 |  1.0
Earth Magic    | 4 5 6 7 8 10 11 12 | 12.3
Dodging        | 2 3 4 5 |  5.1
Fighting       | 2 4 5 7 8 9 10 12 | 12.2
Spellcasting   | 3 4 5 6 7 8 9 10 | 10.5
Conjurations   | 3 5 7 9 10 12 14 | 14.9
Armour         | 3 5 6 |  6.3
Shields        | 2 5 7 10 12 13 | 13.4
Summonings     | 4 7 9 10 | 10.3
Stealth        | |  2.3

Action                   |  1- 3 |  4- 6 |  7- 9 | 10-12 | 13-15 | 16-18 || total
-------------------------+-------+-------+-------+-------+-------+-------++-------
Melee: Unarmed           |     1 |       |       |       |       |       ||     1
       Staff             |     1 |       |     6 |       |       |       ||     7
       Morningstar       |       |       |    12 |   114 |   108 |     7 ||   241
       Punch             |       |       |     2 |     2 |       |       ||     4
 Cast: Sandblast         |    49 |    62 |    94 |   222 |    40 |       ||   467
       Stone Arrow       |       |       |    24 |   103 |   578 |   110 ||   815
       Passwall          |       |       |       |       |     9 |       ||     9
       Magic Dart        |       |       |       |       |   193 |    24 ||   217
       Iskenderun's Batt |       |       |       |       |    55 |    20 ||    75
       Summon Guardian G |       |       |       |       |     4 |     6 ||    10
Invok: Divine Shield     |       |       |       |       |     1 |       ||     1
Evoke: Phial of floods   |       |       |       |       |     3 |     1 ||     4
       Wand              |       |       |       |       |     3 |       ||     3
  Use: Potion            |       |       |       |     1 |     7 |     1 ||     9
       Scroll            |       |       |       |    10 |     5 |     1 ||    16
Armor: Robe              |     4 |     8 |    20 |       |       |       ||    32
       Steam dragon scal |       |       |    13 |     1 |       |       ||    14
       Ring mail         |       |       |       |   246 |   341 |    49 ||   636
Dodge: Dodged            |    23 |    23 |    53 |   289 |   213 |    23 ||   624
Block: Kite shield       |       |       |       |       |   280 |    39 ||   319

Table legend: (Time is in decaauts)
 A = Elapsed time spent in this place.
 B = Non-inter-level travel time spent in this place.
 C = Inter-level travel time spent in this place.
 D = Time resting spent in this place.
 E = Time spent auto-exploring this place.
 F = Levels seen in this place.
 G = Mean time per level.
                   A        B        C        D        E       F      G
               +--------+--------+--------+--------+--------+-----+--------+
         Total |  26558 |  24880 |   1678 |   5491 |  14608 |  27 |  983.6 |
       Dungeon |  11789 |  10778 |   1011 |   1092 |   7790 |  14 |  842.1 |
        Temple |     93 |     72 |     21 |      0 |     70 |   1 |   93.0 |
          Lair |   8299 |   7908 |    391 |   2304 |   4192 |   5 | 1659.8 |
         Swamp |   3719 |   3547 |    172 |   1302 |   1466 |   4 |  929.8 |
  Orcish Mines |   2234 |   2152 |     82 |    597 |   1006 |   2 | 1117.0 |
       Volcano |    421 |    421 |      0 |    196 |     84 |   1 |  421.0 |
               +--------+--------+--------+--------+--------+-----+--------+

Top non-repeatable levels by time:
  Lair:5: 2479 daAuts
  Lair:4: 1814 daAuts
    D:10: 1652 daAuts
  Lair:1: 1612 daAuts
    D:12: 1451 daAuts
  Lair:3: 1268 daAuts
   Orc:2: 1257 daAuts
     D:4: 1211 daAuts
 Swamp:3: 1175 daAuts
  Lair:2: 1125 daAuts
 Swamp:2: 1066 daAuts
 Swamp:1: 1065 daAuts
    D:13: 1049 daAuts
     D:6: 983 daAuts
   Orc:1: 976 daAuts
